Map: Ice and Chrome LE

Players

Serral - Winner!

  • Race: Zerg Zerg
  • League: Master
  • Spawn Location: 1:00

MarineLorD

  • Race: Terran Terran
  • League: Master
  • Spawn Location: 7:00

Event: DreamHack SC2 Masters 2020 Fall

VOD

Have the link to the VOD?

Description

Time

  • Played on: Sept. 12, 2020, 3:47 p.m.
  • Length: 10:06

All games in this series

Show
View Real Time Build Order
Export as new Build Order

Serral Zerg - Winner!

Build Orders: Hatch First 

Get SALT Encoding   

  12  0:00  Drone  
  13  0:12  Overlord  
  13  0:17  Drone  
  14  0:31  Drone x2  
  16  0:47  Hatchery  
  15  0:50  Drone  
  15  0:54  Drone  
  17  0:57  Drone  
  18  1:08  Extractor  
  17  1:13  Spawning Pool  
  17  1:16  Drone  
  17  1:18  Drone  
  18  1:28  Drone  
  19  1:38  Drone  
  20  1:49  Overlord  
  20  1:59  Queen x2  
  20  2:00  Zergling x4  
  26  2:11  Drone x2, Metabolic Boost  
  28  2:21  Drone  
  28  2:22  Drone  
  30  2:33  Hatchery  
  28  2:38  Drone x2  
  30  2:45  Queen  
  30  2:50  Overlord  
  32  2:53  Drone  
  32  2:55  Drone  
  32  2:57  Drone  
  35  3:09  Drone x2  
  35  3:10  Drone x2  
  35  3:11  Overlord  
  39  3:14  Drone  
  39  3:18  Drone  
  41  3:21  Queen  
  41  3:26  Roach Warren  
  42  3:28  Extractor  
  42  3:29  Drone  
  42  3:30  Drone  
  43  3:37  Drone  
  43  3:41  Drone x3  
  47  3:42  Overlord  
  47  3:46  Overlord  
  47  3:50  Queen  
  48  4:06  Roach x6  
  60  4:12  Zergling x8  
  60  4:15  Zergling x4  
  66  4:21  Overlord  
  66  4:23  Zergling x4  
  68  4:35  Drone x5  
  68  4:38  Drone  
  74  4:42  Overlord  
  74  4:43  Drone  
  74  4:44  Drone x3  
  78  4:49  Ravager x2  
  78  4:50  Drone x2  
  82  4:54  Overlord  
  82  4:57  Lair  
  82  5:01  Drone x4, Ravager  
  82  5:02  Drone  
  82  5:05  Drone  
  86  5:08  Spore Crawler  
  86  5:09  Spore Crawler  
  86  5:10  Spore Crawler  
  86  5:12  Drone  
  86  5:13  Drone  
  85  5:20  Drone x6  
  91  5:22  Drone  
  91  5:27  Drone  
  87  5:30  Extractor  
  87  5:31  Drone, Extractor  
  87  5:32  Drone  
  87  5:33  Extractor  
  84  5:37  Extractor  
  84  5:39  Roach x3  
  84  5:42  Drone x3  
  92  5:48  Overlord  
  92  5:53  Overlord x2  
  92  5:55  Hatchery  
  92  5:56  Drone  
  89  5:58  Overseer  
  89  5:59  Glial Reconstitution  
  89  6:01  Drone  
  89  6:03  Spire  
  87  6:06  Overlord  
  87  6:08  Drone x3  
  87  6:11  Zergling x4  
  92  6:16  Baneling Nest  
  91  6:20  Zergling x6  
  91  6:23  Drone x2  
  94  6:25  Evolution Chamber  
  94  6:26  Evolution Chamber  
  94  6:27  Zergling x6  
  94  6:30  Drone  
  94  6:32  Overlord  
  96  6:35  Overlord  
  96  6:40  Overlord  
  97  6:47  Drone x2  
  97  6:48  Drone x2  
  97  6:51  Roach x3  
  97  6:53  Extractor  
  97  6:54  Zerg Missile Weapons Level 1  
  106  6:56  Drone  
  106  6:58  Overlord  
  106  7:00  Overlord  
  107  7:01  Overlord  
  107  7:13  Spore Crawler  
  103  7:16  Corruptor x6  
  103  7:22  Spore Crawler  
  111  7:28  Corruptor x3  
  112  7:38  Corruptor x3  
  116  7:47  Drone x3  
  116  7:48  Drone x4  
  116  7:50  Overlord  
  119  7:54  Drone x2  
  121  8:02  Corruptor x3  
  119  8:08  Queen  
  119  8:11  Roach x4  
  125  8:16  Roach x3  
  131  8:22  Hatchery  
  130  8:28  Roach x2  
  130  8:32  Corruptor x2  
  138  8:39  Extractor  
  137  8:41  Drone x3  
  137  8:42  Corruptor x2  
  137  8:44  Ravager x5  
  137  8:48  Roach x3  
  155  8:51  Evolution Chamber  
  155  8:56  Roach x5  
  155  9:01  Overlord x2  
  165  9:10  Roach x5  
  175  9:19  Roach x4  
  175  9:22  Ravager x2  
  185  9:26  Spore Crawler  
  185  9:29  Infestation Pit  
  173  9:40  Roach x13  
  193  9:46  Roach x4  
Show
View Real Time Build Order
Export as new Build Order

MarineLorD Terran 

Build Orders: Reaper Expand, Hellion Banshee 

Get SALT Encoding   

  12  0:00  SCV  
  13  0:12  SCV  
  14  0:16  Supply Depot  
  14  0:24  SCV  
  15  0:38  SCV  
  15  0:39  Barracks  
  16  0:43  Refinery  
  16  0:50  SCV  
  17  1:02  SCV  
  18  1:14  SCV  
  19  1:26  Orbital Command  
  19  1:27  Reaper  
  20  1:38  Command Center  
  20  1:47  Supply Depot  
  20  1:52  SCV  
  21  1:59  Marine  
  22  2:04  SCV  
  23  2:10  Factory  
  23  2:16  SCV, Marine  
  25  2:29  SCV  
  26  2:36  Barracks Reactor  
  26  2:40  Command Center  
  27  2:44  SCV  
  27  2:50  Orbital Command  
  27  2:56  SCV  
  27  2:57  Refinery  
  28  3:01  Starport  
  28  3:12  SCV  
  29  3:19  SCV  
  30  3:24  SCV  
  30  3:26  Hellion x2  
  35  3:31  SCV  
  36  3:35  Refinery, Marine  
  36  3:36  SCV  
  38  3:44  Fusion Core, SCV  
  39  3:48  SCV  
  39  3:49  Hellion x2  
  44  3:56  Orbital Command  
  44  3:57  SCV  
  44  4:00  SCV  
  46  4:05  Starport Tech Lab  
  46  4:06  Starport  
  46  4:09  SCV  
  47  4:12  Refinery  
  47  4:13  SCV  
  48  4:17  Supply Depot  
  48  4:21  SCV  
  50  4:24  SCV  
  50  4:25  SCV  
  51  4:33  SCV  
  51  4:34  Banshee  
  51  4:37  Hellion x2  
  59  4:39  Bunker  
  59  4:40  Bunker  
  59  4:41  Marine  
  60  4:47  Supply Depot  
  60  4:49  Starport Tech Lab, SCV  
  60  4:50  SCV  
  62  4:58  Hellion x2  
  66  5:06  Marine  
  62  5:08  Orbital Command  
  62  5:13  Supply Depot x2  
  64  5:18  SCV  
  60  5:22  SCV  
  61  5:29  Battlecruiser  
  61  5:31  SCV  
  61  5:34  SCV  
  69  5:47  Battlecruiser  
  69  5:49  SCV  
  77  5:50  SCV  
  75  6:01  Weapon Refit  
  74  6:10  SCV x2  
  76  6:11  Engineering Bay  
  76  6:12  Supply Depot  
  76  6:13  Supply Depot  
  76  6:16  Hellion x2  
  80  6:22  SCV x2  
  80  6:24  Orbital Command  
  80  6:34  SCV  
  80  6:35  Factory  
  80  6:36  SCV  
  80  6:38  Factory  
  80  6:39  Missile Turret  
  82  6:40  Supply Depot  
  82  6:41  Supply Depot  
  82  6:42  Missile Turret  
  82  6:46  SCV  
  83  6:48  SCV  
  83  6:50  Battlecruiser  
  83  6:52  SCV  
  95  6:54  Hellion x2  
  95  6:58  SCV  
  95  7:00  SCV  
  97  7:04  SCV  
  97  7:06  Refinery  
  97  7:08  Refinery  
  96  7:10  SCV  
  96  7:12  SCV  
  102  7:15  Hellion x2  
  102  7:18  Battlecruiser  
  107  7:26  SCV  
  107  7:27  SCV  
  107  7:29  SCV  
  100  7:38  SCV  
  100  7:39  SCV  
  100  7:41  SCV  
  100  7:43  Hellion x2  
  107  7:51  Missile Turret, SCV x2  
  108  7:53  SCV  
  108  7:55  Battlecruiser  
  108  7:57  Widow Mine  
  103  8:03  SCV x2  
  103  8:05  SCV  
  98  8:06  Missile Turret  
  98  8:09  Widow Mine  
  98  8:10  Widow Mine  
  98  8:11  Factory Tech Lab  
  102  8:15  SCV x2  
  102  8:17  SCV  
  105  8:23  Missile Turret, Factory Tech Lab  
  105  8:27  SCV x2, Supply Depot  
  105  8:29  SCV  
  108  8:34  Armory  
  108  8:35  Armory  
  108  8:39  Siege Tank, SCV x2  
  113  8:42  SCV  
  114  8:49  Supply Depot  
  114  8:50  Supply Depot  
  114  8:51  SCV x2  
  114  8:52  Siege Tank  
  114  8:54  SCV  
  118  8:58  Supply Depot  
  118  9:01  Supply Depot x2  
  118  9:03  SCV  
  118  9:04  SCV  
  118  9:08  Factory  
  118  9:09  SCV  
  121  9:11  Factory  
  121  9:14  Siege Tank  
  121  9:15  SCV  
  121  9:21  Missile Turret  
  121  9:22  Missile Turret  
  121  9:23  Missile Turret  
  121  9:24  Hellion x2, Siege Tank, Missile Turret  
  124  9:25  Missile Turret  
  122  9:39  SCV  
  122  9:40  SCV  
  122  9:42  SCV  

Tags
 
Add a new tag
Caveats
  • Supply blocks, unpowered buildings, or Contaminate may cause inaccurate times.
  • Supply counts are checked every 10 seconds.